 Dungeon Crawl Stone Soup version 0.30.0-3-ga4e48a9924 (webtiles) character file.

Game seed: 16873686926320733796

118232 LustLizard the Earth Mage (level 16, -3/101 HPs)
             Began as a Gargoyle Earth Elementalist on May 8, 2023.
             Was a High Priest of Vehumet.
             Slain by a caustic shrike simulacrum (28 damage)
             ... in an ice cave.
             The game lasted 01:10:29 (36034 turns).

LustLizard the Earth Mage (GrEE)                   Turns: 36034, Time: 01:10:30

Health: -3/101     AC: 35    Str: 21    XL:     16   Next: 76%
Magic:  9/29       EV:  8    Int: 21    God:    Vehumet [*****.]
Gold:   285        SH:  8    Dex: 10    Spells: 4/33 levels left

rFire   . . .        F - staff of conjuration
rCold   . . .        Q - +3 buckler {AC+3}
rNeg    + . .        X - +1 ring mail {Will+}
rPois   ∞            V - +1 helmet
rElec   +            M - +2 cloak {rPois}
rCorr   .            L - +2 pair of gloves
SInv    +            T - +2 pair of boots
Will    ++...        h - amulet of regeneration
Stlth   ++           e - ring of see invisible
HPRegen 1.16/turn    U - +6 ring of strength
MPRegen 0.21/turn

%: no passive effects
@: flying, constricted, studying Long Blades
A: sickness immunity, AC +12, big wings, negative energy resistance 1,
electricity resistance, torment resistance 1, petrification resistance
a: Renounce Religion


You were in an ice cave.
You worshipped Vehumet.
Vehumet was extremely pleased with you.
You visited 5 branches of the dungeon, and saw 25 of its levels.
You also visited: Sewer, Ice Cave and Volcano.

You collected 2929 gold pieces.
You spent 2644 gold pieces at shops.

Inventory:

Hand Weapons
 Z - a +2 demon trident of flaming
Missiles
 I - 5 throwing nets
Armour
 u - a +2 kite shield
 L - a +2 pair of gloves (worn)
 M - a +2 cloak of poison resistance (worn)
 Q - a +3 buckler of protection (worn)
 T - a +2 pair of boots (worn)
 V - a +1 helmet (worn)
 X - a +1 ring mail of willpower (worn)
Magical Staves
 F - a staff of conjuration (weapon)
Jewellery
 c - the ring "Keuth" {rF+ MP+9 Int+3}
   (You acquired it on level 2 of the Orcish Mines)

   [ring of magical power]

   Int:       It affects your intelligence (+3).
   rF:        It protects you from fire.
   MP:        It affects your magic capacity (+9).
 e - a ring of see invisible (left hand)
 h - an amulet of regeneration (around neck)
 k - a ring of positive energy
 U - a +6 ring of strength (right hand)
Wands
 m - a wand of mindburst (19)
 y - a wand of light (10)
 B - a wand of charming (4)
 C - a wand of flame (31)
 H - a wand of roots (23)
 R - a wand of digging (5)
Scrolls
 l - 7 scrolls of teleportation
 n - a scroll of poison
 o - 2 scrolls of enchant armour
 x - a scroll of summoning
 z - 5 scrolls of blinking
 D - 3 scrolls of amnesia
 E - a scroll of silence
 G - 2 scrolls of brand weapon
 J - a scroll of fear
 K - 2 scrolls of fog
 O - 7 scrolls of identify
 S - 4 scrolls of enchant weapon
 W - 5 scrolls of magic mapping
Potions
 a - a potion of haste
 b - a potion of magic
 d - 3 potions of ambrosia
 f - 10 potions of curing
 i - 7 potions of might
 j - 10 potions of lignification
 p - 6 potions of resistance
 q - 3 potions of cancellation
 r - a potion of berserk rage
 s - 4 potions of flight
 t - 3 potions of heal wounds
 A - 6 potions of brilliance
 N - 4 potions of mutation
 P - 2 potions of invisibility
Miscellaneous
 g - a box of beasts
 v - a tin of tremorstones (inert)
 w - a phial of floods
 Y - a lightning rod (3/4)


   Skills:
 + Level 12.2 Fighting
 - Level 7.4 Armour
 - Level 3.8 Dodging
 - Level 5.0 Stealth
 - Level 6.0 Shields
 - Level 9.0 Spellcasting
 * Level 16.7 Conjurations
 - Level 5.3 Translocations
 - Level 0.7 Transmutations
 - Level 4.0 Fire Magic
 * Level 18.8 Earth Magic
 - Level 6.0 Evocations


You had 4 spell levels left.
You knew the following spells:

 Your Spells              Type           Power      Damage    Failure   Level
a - Sandblast             Erth           100%       2d20      0%          1
b - Stone Arrow           Conj/Erth      100%       3d13      1%          3
c - Blink                 Tloc           62%        N/A       2%          2
d - Animate Armour        Summ/Erth      98%        N/A       2%          4
e - Fireball              Conj/Fire      34%        3d14      1%          5
f - Iron Shot             Conj/Erth      45%        9d9       1%          6
g - Lehudib's Crystal Sp  Conj/Erth      45%        10d11     16%         8

Your spell library contained the following spells:

 Spells                   Type           Power      Damage    Failure   Level
 Lee's Rapid Deconstruct  Erth           36%        3d18*     1%          5
 Kiss of Death            Conj/Necr      100%       2d13      1%          1
 Shock                    Conj/Air       100%       1d9       1%          1
 Momentum Strike          Conj/Tloc      100%       3d10      1%          2
 Passwall                 Tmut/Erth      41%        N/A       1%          2
 Hailstorm                Conj/Ice       61%        3d13      1%          3
 Lesser Beckoning         Tloc           62%        N/A       2%          2
 Petrify                  Tmut/Erth      50%        N/A       2%          4
 Freeze                   Ice            36%        1d5       3%          1
 Frozen Ramparts          Ice            18%        1d3       11%         3
 Vhi's Electric Charge    Tloc/Air       40%        N/A       13%         3
 Manifold Assault         Tloc           31%        N/A       14%         4
 Passage of Golubria      Tloc           31%        N/A       14%         4
 Ensorcelled Hibernation  Hex/Ice        18%        N/A       21%         2
 Airstrike                Air            4%         2d(1-17)  32%         4
 Spider Form              Tmut/Pois      10%        N/A       34%         3
 Confusing Touch          Hex            9%         N/A       36%         3
 Swiftness                Air            9%         N/A       36%         3
 Tukima's Dance           Hex            9%         N/A       36%         3
 Anguish                  Hex/Necr       4%         N/A       78%         4
 Animate Dead             Necr           9%         N/A       78%         4
 Cause Fear               Hex            4%         N/A       78%         4
 Dispel Undead            Necr           9%         3d8       78%         4
 Summon Lightning Spire   Summ/Air       9%         N/A       78%         4
 Arcjolt                  Conj/Air       30%        1d40      3%          5
 Borgnjor's Vile Clutch   Necr/Erth      24%        N/A       8%          5
 Yara's Violent Unravell  Hex/Tmut       5%         3d4       58%         5
 Plasma Beam              Fire/Air       8%         2x1d21    88%         6
 Dispersal                Tloc           15%        N/A       92%         6
 Death Channel            Necr           4%         N/A       100%        6
 Enfeeble                 Hex            4%         N/A       100%        7
 Storm Form               Tmut/Air       5%         N/A       100%        7
 Disjunction              Tloc           15%        N/A       100%        8
 Maxwell's Capacitive Co  Air            4%         ∞         100%        8


Dungeon Overview and Level Annotations

Branches:
Dungeon (15/15)            Temple (1/1) D:7            Lair (5/5) D:10
 Shoals (2/4) Lair:2        Snake (0/4) Lair:3        Slime (0/5) Lair:5
    Orc (2/2) D:9             Elf (0/3) Orc:2        Vaults (0/5) D:13
 Depths (0/4) D:15          Sewer (visited)           IceCv (1/1)
Volcano (visited)

Altars:
Ashenzari
Cheibriados
Dithmenos
Elyvilon
Fedhas
Gozag
Hepliaklqana
Kikubaaqudgha
Makhleb
Nemelex Xobeh
Okawaru
Qazlal
Ru
Sif Muna
Trog
Uskayaw
Vehumet
Wu Jian
Xom
Yredelemnul
Zin
The Shining One
Jiyva

Shops:
D:6 *   D:14 [   D:15 *   Orc:2 [:*!

Portals:
Pandemonium: Orc:2

Annotations:
D:12 2 runed translucent doors, exclusion: boulder beetle, collin38's ghost, journeyman MiBe
Lair:5 2 runed translucent doors, Riymurr's ghost, journeyman MfMo


Innate Abilities, Weirdness & Mutations

You are immune to sickness and miasma.
Your stone body is resilient. (AC +12)
You are immune to poison.
Your large and strong wings let you fly.
You resist negative energy. (rN+)
You are resistant to electric shocks. (rElec)
You are resistant to unholy torment.
You are immune to petrification.


Message History

* * * LOW HITPOINT WARNING * * *
The anaconda simulacrum grabs you.
You block the anaconda simulacrum's attack.
The anaconda simulacrum constricts you.
The caustic shrike simulacrum claws you but does no damage.
The anaconda simulacrum bites you but does no damage.
The anaconda simulacrum constricts you.
* * * LOW HITPOINT WARNING * * *
Okay, then.
You can't go up here!
You feel much better.
You block the harpy simulacrum's attack.
The harpy simulacrum barely misses you.
The caustic shrike simulacrum barely misses you.
You block the harpy simulacrum's attack.
The harpy simulacrum claws you but does no damage.
The anaconda simulacrum bites you but does no damage.
The anaconda simulacrum constricts you.
You block the caustic shrike simulacrum's attack.
Okay, then.
Aiming: Sandblast (safe; 0% risk of failure)
Press: ? - help, Q - select action, (/) - cycle Shift-Dir - straight line, f - caustic shrike simulacrum, p - anaconda simulacrum
Aim: a caustic shrike simulacrum (80% to hit)
Okay, then.
Casting: Sandblast (safe; 0% risk of failure)
Confirm with . or Enter, or press ? or * to list all spells.
Aiming: Iron Shot (mildly dangerous; 1% risk of failure)
Press: ? - help, Shift-Dir - straight line, f - caustic shrike simulacrum, p - anaconda simulacrum
Aim: a caustic shrike simulacrum (69% to hit)
You feel a surge of power!
The iron shot hits the caustic shrike simulacrum!!!
The caustic shrike simulacrum is almost destroyed.
You block the harpy simulacrum's attack.
The harpy simulacrum claws you but does no damage.
The anaconda simulacrum bites you but does no damage.
The anaconda simulacrum constricts you.
The caustic shrike simulacrum claws you!!
* * * LOW HITPOINT WARNING * * *
The caustic shrike simulacrum freezes you!!
You die...

#######
##.....# Z
##......#
Z...#.....Z.#
.....Z.∩.ZZ@#
Z...#.....Z.#
Z ##......#
##.....#
#######


You could see 2 anaconda simulacra, a harpy simulacrum, an ettin simulacrum and
a caustic shrike simulacrum.

Vanquished Creatures
  Jorgrun (Orc:2)
  A kraken (Shoals:1)
  Frances (Shoals:1)
  Agnes (D:14)
  A juggernaut zombie (D:15)
  A stone giant (Volcano)
  An ettin (Orc:2)
  2 merfolk impalers (Shoals:1)
  A fire dragon (Lair:5)
  2 centaur warriors (D:15)
  5 boulder beetles
  A catoblepas (Lair:5)
  9 hydras
  A merfolk avatar (Shoals:1)
  Erica (D:10)
  2 alligators (D:13)
  3 demonspawn (Orc:2)
  A death knight (D:13)
  2 dancing weapons (D:13)
  A two-headed ogre (D:8)
  A tengu warrior (D:13)
  8 death yaks
  A vampire mage (D:15)
  Urug (D:10)
  8 orc high priests
  Nergalle (Lair:1)
  2 skeletal warriors (D:15)
  A sun demon (Orc:2)
  2 skysharks
  A sixfirhy (Orc:2)
  A sea snake (Shoals:1)
  A wizard (D:15)
  A necromancer (D:15)
  A swamp dragon (Lair:5)
  5 orc knights
  A fire giant zombie (D:15)
  5 ugly things
  2 deep elf pyromancers
  A deep elf zephyrmancer (D:15)
  9 orc sorcerers
  7 cyclopes
  2 fauns (Shoals:2)
  7 manticores
  15 elephants
  A water nymph (Shoals:1)
  2 molten gargoyles (Volcano)
  5 merfolk sirens
  2 ice statues (Shoals:2)
  7 black mambas
  A frost giant skeleton (D:15)
  4 gargoyles
  4 cane toads
  A torpor snail (Lair:2)
  A kobold demonologist (D:10)
  Maggie (D:10)
  3 efreet
  5 rime drakes
  4 unseen horrors
  9 komodo dragons
  2 ice devils (Orc:2)
  A freezing wraith (D:14)
  2 tengu conjurers (D:15)
  3 meliai
  A hornet (D:9)
  5 polar bears
  7 merfolk
  Grinder (D:3)
  9 trolls
  A hellwing (Orc:2)
  12 blink frogs
  A snapping turtle (Shoals:1)
  2 shadows
  8 dream sheep
  A spriggan skeleton (D:15)
  2 water elementals
  A vampire (D:13)
  22 slime creatures
  Eustachio (D:6)
  32 yaks
  7 wyverns
  6 wraiths
  5 basilisks
  A fire bat (D:13)
  3 steam dragons
  A fire elemental (Volcano)
  4 vampire mosquitoes (D:13)
  Edmund (D:4)
  2 nagas (Lair:3)
  4 wargs
  6 acid dragons
  A harpy simulacrum (IceCv)
  15 water moccasins
  2 hell hounds (D:13)
  36 orc warriors
  A swamp drake (Lair:5)
  4 sky beasts (D:7)
  3 black bears
  4 ice beasts
  15 centaurs
  6 ogres
  29 wolves
  2 phantoms
  3 kobold brigands
  A gnoll sergeant (D:6)
  11 bullfrogs
  2 scorpions
  3 earth elementals (Volcano)
  9 wights
  5 killer bees
  3 vampire bats (D:13)
  7 howler monkeys
  3 lava snakes (Volcano)
  6 hounds
  23 orc priests
  6 jellies
  Crazy Yiuf (D:4)
  3 gnoll boudas
  12 iguanas
  13 orc wizards
  Natasha (thrice) (D:3)
  7 hell rats (Lair:3)
  7 gnolls
  7 adders
  A shadow imp (D:7)
  4 white imps
  3 ufetubi
  3 worms
  5 dart slugs
  91 orcs
  10 ball pythons
  14 bats
  20 endoplasms
  7 giant cockroaches
  8 goblins
  4 hobgoblins
  15 jackals
  2 quokkas
  10 frilled lizards
  10 kobolds
  3 rats
  2 tentacles (Shoals:1)
791 creatures vanquished.

Vanquished Creatures (collateral kills)
  2 elephants (Lair:5)
  The ghost of GonguanaGonguana the Magician, a novice MeEE of Cheibriados (D:7)
  An orc warrior (Orc:1)
  An orc (Orc:1)
5 creatures vanquished.

Vanquished Creatures (others)
  An orc warrior (D:7)
  An orc priest (D:7)
  An orc (D:7)
  16 fungi
  39 plants
  4 tentacles (Shoals:1)
  7 withered plants (D:15)
69 creatures vanquished.

Grand Total: 865 creatures vanquished

Notes
Turn   | Place    | Note
-------+----------+-------------------------------------------
     0 | D:1      | LustLizard the Gargoyle Earth Elementalist began the quest
                  | for the Orb.
     0 | D:1      | Reached XP level 1. HP: 10/10 MP: 3/3
   157 | D:1      | Reached XP level 2. HP: 16/16 MP: 1/5
   228 | D:1      | Reached skill level 4 in Earth Magic
   321 | D:1      | Found a faded altar of an unknown god.
   412 | D:1      | Reached skill level 1 in Fighting
   414 | D:1      | Reached XP level 3. HP: 14/20 MP: 0/6
   922 | D:2      | Learned a level 3 spell: Stone Arrow
  1160 | D:2      | Reached XP level 4. HP: 25/25 MP: 2/7
  1493 | D:2      | Reached skill level 1 in Conjurations
  2063 | D:3      | Noticed Grinder
  2069 | D:3      | Paralysed by Grinder for 3 turns
  2083 | D:3      | Paralysed by Grinder for 4 turns
  2102 | D:3      | Killed Grinder
  2103 | D:3      | Reached skill level 5 in Earth Magic
  2103 | D:3      | Reached XP level 5. HP: 16/31 MP: 0/9
  2103 | D:3      | Reached XP level 6. HP: 19/36 MP: 0/10
  2246 | D:3      | Found a glowing drain.
  2356 | Sewer    | Entered a sewer
  2480 | Sewer    | Noticed a water moccasin
  2489 | Sewer    | Killed a water moccasin
  2490 | Sewer    | Reached skill level 6 in Earth Magic
  2490 | Sewer    | Reached XP level 7. HP: 39/40 MP: 0/11
  2783 | D:3      | Found a shimmering blue altar of Sif Muna.
  2946 | D:3      | Noticed Natasha
  2953 | D:3      | Killed Natasha
  3178 | D:3      | Noticed Natasha
  3182 | D:3      | Killed Natasha
  3387 | D:3      | Noticed Natasha
  3390 | D:3      | Killed Natasha
  3496 | D:4      | Noticed Edmund
  4144 | D:4      | Learned a level 2 spell: Blink
  4292 | D:4      | Found a shadowy altar of Dithmenos.
  4428 | D:5      | Entered Level 5 of the Dungeon
  4534 | D:5      | Reached XP level 8. HP: 46/46 MP: 10/13
  4607 | D:5      | Reached skill level 7 in Earth Magic
  4878 | D:5      | Reached skill level 1 in Translocations
  5152 | D:5      | Found a glowing silver altar of Zin.
  5508 | D:6      | Reached skill level 5 in Conjurations
  5734 | D:6      | Reached skill level 5 in Stealth
  6012 | D:6      | Noticed Eustachio
  6015 | D:6      | Killed Eustachio
  6016 | D:6      | Reached skill level 8 in Earth Magic
  6140 | D:6      | Found a shimmering altar of Xom.
  6184 | D:6      | Reached XP level 9. HP: 52/52 MP: 13/15
  6551 | D:6      | Found Mealedin's Assorted Antiques.
  6555 | D:6      | Bought a lumpy silvery potion for 25 gold pieces
  6555 | D:6      | Bought a scroll labelled JIAC BUBRON for 28 gold pieces
  6555 | D:6      | Bought a green potion for 25 gold pieces
  6555 | D:6      | Bought a scroll labelled MICKUH SOAZ for 28 gold pieces
  6826 | D:6      | Found a basalt altar of Yredelemnul.
  7005 | D:4      | Killed Edmund
  7145 | D:4      | Found a runed translucent door.
  7146 | D:4      | Noticed Crazy Yiuf
  7332 | D:4      | Killed Crazy Yiuf
  7478 | D:7      | Found a staircase to the Ecumenical Temple.
  7485 | D:7      | Found a runed translucent gate.
  7500 | Temple   | Entered the Ecumenical Temple
  7799 | Temple   | Became a worshipper of Vehumet
  8010 | D:7      | Reached skill level 9 in Earth Magic
  8134 | D:7      | Reached skill level 5 in Fighting
  8327 | D:7      | Found a burning altar of Makhleb.
  8450 | D:7      | Found a runed translucent gate.
  8450 | D:7      | Found a runed translucent gate.
  8450 | D:7      | Noticed GonguanaGonguana's ghost (novice MeEE)
  8674 | D:7      | Reached skill level 5 in Spellcasting
  8674 | D:7      | Reached XP level 10. HP: 19/59 MP: 1/17
  8933 | D:7      | Reached skill level 10 in Earth Magic
  8984 | D:7      | Reached * piety under Vehumet
  8984 | D:7      | Offered knowledge of Magic Dart by Vehumet.
  9237 | D:7      | Identified the +5 spear of the Beginning {elec, rN+++
                  | Int-3}
  9273 | D:7      | Noticed a gargoyle
  9278 | D:7      | Killed a gargoyle
  9653 | D:8      | Noticed a two-headed ogre
  9977 | D:8      | Killed a two-headed ogre
 10320 | D:9      | Reached skill level 11 in Earth Magic
 10443 | D:9      | Found a staircase to the Orcish Mines.
 10515 | D:9      | Reached skill level 1 in Shields
 10531 | D:9      | Reached ** piety under Vehumet
 10531 | D:9      | Offered knowledge of Static Discharge by Vehumet.
 10766 | D:9      | Reached XP level 11. HP: 66/66 MP: 11/19
 11598 | D:9      | Offered knowledge of Hailstorm by Vehumet.
 11943 | D:10     | Entered Level 10 of the Dungeon
 12044 | D:10     | Found a staircase to the Lair.
 12293 | D:10     | Noticed Maggie
 12300 | D:10     | Killed Maggie
 12423 | D:10     | Reached *** piety under Vehumet
 12507 | D:10     | Reached skill level 5 in Translocations
 12747 | D:10     | Noticed Erica
 12750 | D:10     | Noticed Urug
 13095 | D:10     | Killed Urug
 13096 | D:10     | Reached skill level 10 in Conjurations
 13096 | D:10     | Reached skill level 12 in Earth Magic
 13449 | D:10     | Killed Erica
 13531 | D:11     | Noticed a manticore
 13537 | D:11     | Killed a manticore
 13597 | D:11     | Noticed a brown ugly thing
 13604 | D:11     | Killed a brown ugly thing
 13605 | D:11     | Reached skill level 5 in Shields
 13605 | D:11     | Reached XP level 12. HP: 38/72 MP: 6/21
 13769 | D:11     | Offered knowledge of Dazzling Flash by Vehumet.
 14816 | D:12     | Noticed a boulder beetle
 15347 | D:12     | Reached **** piety under Vehumet
 15561 | D:12     | Found a large runed translucent door.
 15562 | D:12     | Found a large runed translucent door.
 15564 | D:12     | Noticed collin38's ghost (journeyman MiBe)
 15827 | D:12     | Reached skill level 13 in Earth Magic
 16093 | Lair:1   | Entered Level 1 of the Lair of Beasts
 16207 | Lair:1   | Reached skill level 1 in Armour
 16523 | Lair:1   | Offered knowledge of Flame Wave by Vehumet.
 16525 | Lair:1   | Reached skill level 1 in Evocations
 16695 | Lair:1   | Reached XP level 13. HP: 62/79 MP: 7/24
 16839 | Lair:1   | Noticed Nergalle
 16860 | Lair:1   | Killed Nergalle
 17796 | Lair:2   | Reached skill level 14 in Earth Magic
 18743 | Lair:2   | Found a staircase to the Shoals.
 19021 | Lair:3   | Found a staircase to the Snake Pit.
 19596 | Lair:3   | Identified the +5 ring mail of Fenulo {rF- rC+ rN+}
 19604 | Lair:3   | Reached ***** piety under Vehumet
 19608 | Lair:3   | Offered knowledge of Conjure Ball Lightning by Vehumet.
 21022 | Lair:4   | Found a shimmering altar of Xom.
 21728 | Lair:5   | Entered Level 5 of the Lair of Beasts
 21756 | Lair:4   | Gained mutation: Your large and strong wings let you fly.
                  | [Gargoyle growth]
 21756 | Lair:4   | Reached XP level 14. HP: 48/86 MP: 17/26
 21806 | Lair:5   | Reached skill level 15 in Earth Magic
 22103 | Lair:4   | Reached skill level 5 in Armour
 22224 | Lair:5   | Found a large runed translucent door.
 22224 | Lair:5   | Found a large runed translucent door.
 22228 | Lair:5   | Noticed Riymurr's ghost (journeyman MfMo)
 23387 | Lair:5   | Reached skill level 10 in Fighting
 23510 | Lair:5   | Learned a level 4 spell: Animate Armour
 24075 | Lair:5   | Offered knowledge of Fireball by Vehumet.
 24076 | Lair:5   | Reached skill level 16 in Earth Magic
 24208 | Lair:5   | Found a viscous altar of Jiyva.
 24215 | Lair:5   | Learned a level 5 spell: Fireball
 24215 | Lair:5   | Found a staircase to the Slime Pits.
 24754 | D:7      | Killed GonguanaGonguana's ghost
 25023 | Orc:1    | Entered Level 1 of the Orcish Mines
 25050 | Orc:1    | Reached skill level 1 in Fire Magic
 25565 | Orc:1    | Reached XP level 15. HP: 64/92 MP: 25/27
 25567 | Orc:1    | Reached skill level 5 in Evocations
 25971 | Orc:2    | Entered Level 2 of the Orcish Mines
 26003 | Orc:2    | Found a dark tunnel.
 26028 | Volcano  | Entered a volcano
 26155 | Volcano  | Found a radiant altar of Vehumet.
 27184 | Orc:2    | Found Itukk's General Store.
 27436 | Orc:1    | Noticed an orc warlord
 27738 | Orc:2    | Found a staircase to the Elven Halls.
 27809 | Orc:2    | Noticed Jorgrun
 27855 | Orc:2    | Killed Jorgrun
 28041 | Orc:2    | Found Jihugutef's Distillery.
 28663 | Orc:2    | Offered knowledge of Iron Shot by Vehumet.
 29364 | Orc:2    | Reached skill level 17 in Earth Magic
 29490 | Orc:2    | Found Adiwk's Antique Armour Boutique.
 29490 | Orc:2    | Found Dadajedd's Book Shop.
 29491 | Orc:2    | Found a one-way gate leading to the halls of Pandemonium.
 29524 | Orc:2    | Bought a scroll of acquirement for 884 gold pieces
 29555 | Orc:2    | Bought a pair of glowing gloves for 262 gold pieces
 29555 | Orc:2    | Bought a faintly humming leather armour for 245 gold pieces
 29555 | Orc:2    | Identified the +2 leather armour of Rationality {rElec rN+
                  | Str-2} (You bought it in a shop on level 2 of the Orcish
                  | Mines)
 29585 | Orc:2    | Bought 2 potions of resistance for 340 gold pieces
 29585 | Orc:2    | Bought a scroll of teleportation for 51 gold pieces
 29585 | Orc:2    | Bought 3 scrolls of fear for 204 gold pieces
 29587 | Orc:2    | Bought 2 potions of heal wounds for 130 gold pieces
 29587 | Orc:2    | Bought a potion of haste for 130 gold pieces
 29766 | D:13     | Reached skill level 15 in Conjurations
 29893 | D:13     | Identified the +8 chain mail of Indomitability {rPois
                  | Stlth+}
 30245 | D:13     | Found a gate to the Vaults.
 30572 | D:13     | Learned a level 6 spell: Iron Shot
 31257 | D:13     | Offered knowledge of Lee's Rapid Deconstruction by Vehumet.
 31465 | D:14     | Found Parryrogh's Antique Armour Boutique.
 31572 | D:14     | Reached XP level 16. HP: 91/100 MP: 27/29
 31572 | D:14     | Acquired the ring "Keuth" {rF+ MP+9 Int+3}
 32449 | D:15     | Entered Level 15 of the Dungeon
 32449 | D:15     | Found Teuttag's Assorted Antiques.
 32769 | D:15     | Noticed Agnes
 32782 | D:14     | Killed Agnes
 33031 | D:15     | Reached skill level 18 in Earth Magic
 33176 | D:15     | Bought a pair of runed gloves for 292 gold pieces
 33555 | D:15     | Found a staircase to the Depths.
 33781 | D:15     | Learned a level 8 spell: Lehudib's Crystal Spear
 34217 | Shoals:1 | Entered Level 1 of the Shoals
 34927 | Shoals:1 | Noticed a kraken
 34941 | Shoals:1 | Killed a kraken
 35055 | Shoals:1 | Noticed Frances
 35124 | Shoals:1 | Killed Frances
 35830 | Shoals:2 | Found a frozen archway.
 36025 | IceCv    | Entered an ice cave
 36034 | IceCv    | Slain by a caustic shrike simulacrum

Illustrated notes

Levels and vault maps discovered:
D:1:      kennysheep_arrival_seaside, layout_basic, serial_forest,
          infiniplex_forest_lined_room_3, infiniplex_forest_clump_small,
          infiniplex_forest_straight_4, infiniplex_forest_clump_long,
          infiniplex_forest_lined_corner, infiniplex_forest_side_room,
          infiniplex_forest_clump_diagonal, ebering_ecumenical_altar_ruins
D:2:      layout_basic, minmay_tetromino_l2
D:3:      layout_loops_ring, nicolae_sif_muna_little_library,
          cheibrodos_sewer_entry_drain, moated_statue, grunt_ministairs_8,
          st_stairs_4, uniq_grinder, uniq_natasha
D:4:      layout_loops_corners, grunt_dithmenos_smoke_and_mirrors, uniq_edmund,
          uniq_crazy_yiuf_cottage
D:5:      layout_basic, zin_scriptorium
D:6:      layout_basic, kennysheep_mini_moat, xom_butterflies, serial_shops,
          shop, uniq_eustachio
D:7:      minmay_the_grid_octo_tiled_squarecenter [minmay_the_grid_octo_horde,
          minmay_the_grid_octo_thin_diamonds, minmay_the_grid_octo_teeth,
          minmay_the_grid_octo_clover_2,
          minmay_the_grid_square_5x5_megaprize_hollow,
          minmay_the_grid_square_5x5_spiral_small,
          minmay_the_grid_square_5x5_plus, minmay_the_grid_square_5x5_tri_point,
          minmay_the_grid_square_5x5_inner_v], layout_cave_pools,
          lemuel_round_altar, minmay_temple_entry_statues,
          ebering_ghost_rock_garden, kennysheep_cross_room,
          minmay_misc_feat_diagonals, minmay_liquid_box, serial_bayou_pond_d,
          lemuel_flamethrower_2
D:8:      layout_cave_pools
D:9:      layout_irregular_city, david_orc_5
D:10:     layout_irregular_city, lair_entry_dummy, uniq_erica, uniq_urug,
          uniq_maggie
D:11:     kennysheep_spiral_hall, layout_basic, library_closet
D:12:     minmay_spotlight, layout_layer_cave, ebering_ghost_disaster_area
D:13:     layout_rooms, erik_vaults_1, hangedman_parallel_progression
D:14:     layout_cave_pods, nicolae_figureground_pulse, serial_shops, shop
D:15:     gammafunk_depths_entry_grave, layout_rooms,
          chequers_serial_rivers_marsh, serial_shops, nicolae_shop_statue_plus,
          grunt_decor_one_mirror, uniq_agnes
Temple:   minmay_temple_bridge_d
Lair:1:   layout_long_grid, minmay_holes, infiniplex_staircase_pool_2,
          grunt_megastairs_1, uniq_nergalle
Lair:2:   beast_lair_carwin_large_2, layout_small_grid,
          minmay_shoals_entry_centaurs, infiniplex_staircase_pool,
          lemuel_fruit_fields, lemuel_fruit_fields
Lair:3:   layout_hall_layers, guppyfry_snake_entry_island, st_stairs_8
Lair:4:   layout_regular_city, basic_altar, beast_lair_carwin_4
Lair:5:   hangedman_lair_in_review, layout_hall_layers,
          guppyfry_lair_end_dragon, slime_entry_1, ebering_ghost_disaster_area,
          nzn_sisyphean_effort
Shoals:1: layout_shoals, uniq_frances
Shoals:2: layout_shoals, portal_ice_cave_entry_ice_statue_two
Orc:1:    orc_temple, layout_caves, nicolae_orc_rockfall
Orc:2:    pf_orc_diabolical, layout_caves, nicolae_volcano_entry_two_sided,
          uniq_jorgrun
IceCv:    ice_cave_statue_garden_chambered

Skill      XL: |  1  2  3  4  5  6  7  8  9 10 11 12 13 14 15 16 |
---------------+-------------------------------------------------+-----
Earth Magic    | 4 5 6 8 9 11 12 13 14 16 17 18 | 18.8
Fighting       | 1 2 3 4 5 6 7 8 9 10 11 12 | 12.2
Stealth        | 3 4 5 |  5.0
Conjurations   | 2 3 4 5 7 9 10 11 12 14 15 16 | 16.7
Spellcasting   | 3 4 5 6 7 8 9 |  9.0
Translocations | 2 3 4 5 |  5.3
Shields        | 1 5 6 |  6.0
Dodging        | 3 |  3.8
Armour         | 2 4 6 7 |  7.4
Evocations     | 1 3 4 6 |  6.0
Fire Magic     | 1 4 |  4.0
Transmutations | |  0.7

Action                     |  1- 3 |  4- 6 |  7- 9 | 10-12 | 13-15 | 16-18 || total
---------------------------+-------+-------+-------+-------+-------+-------++-------
  Melee: Whip              |    16 |    25 |     1 |       |       |       ||    42
         Hand axe          |       |       |    19 |       |       |       ||    19
         Staff             |       |       |     5 |    10 |   176 |    22 ||   213
   Cast: Sandblast         |    51 |    64 |   167 |   224 |   560 |    99 ||  1165
         Stone Arrow       |       |     2 |    34 |   171 |   500 |    43 ||   750
         Animate Armour    |       |       |       |       |    10 |     1 ||    11
         Fireball          |       |       |       |       |     1 |     8 ||     9
         Blink             |       |       |       |       |     1 |       ||     1
         Iron Shot         |       |       |       |       |    15 |    96 ||   111
  Evoke: Wand              |       |       |       |       |    14 |    17 ||    31
         Lightning rod     |       |       |       |       |     5 |     4 ||     9
         Tin of tremorston |       |       |       |       |       |     2 ||     2
    Use: Potion            |       |     2 |     1 |     1 |     7 |     4 ||    15
         Scroll            |       |       |     4 |    20 |    14 |     4 ||    42
 Armour: Robe              |    12 |    25 |    54 |   122 |    39 |       ||   252
         Leather armour    |       |       |     1 |       |       |       ||     1
         Ring mail         |       |       |       |       |   732 |   129 ||   861
  Dodge: Dodged            |    26 |    50 |    73 |   128 |   625 |    89 ||   991
  Block: Buckler           |       |       |       |    29 |   508 |    89 ||   626
